 Dungeon Crawl Stone Soup version 0.18-a0-1514-g6ed9364 (webtiles) character file.

1187 Feta the Shield-Bearer (level 8, -5/61 HPs)
             Began as a Formicid Fighter on Mar 6, 2016.
             Was an Initiate of Cheibriados.
             Slain by a slave (6 damage)
             ... led by Pikel
             ... on level 6 of the Dungeon.
             The game lasted 00:35:12 (5631 turns).

Feta the Shield-Bearer (Formicid Fighter)           Turns: 5631, Time: 00:35:12

Health: -5/61      AC:  9    Str: 21 (22) XL:     8   Next: 70%
Magic:  8/8        EV:  8    Int: 10      God:    Cheibriados [......]
Gold:   213        SH: 11    Dex: 12      Spells: 0 memorised, 7 levels left

rFire  . . .     SeeInvis +     a - +0 war axe
rCold  . . .     Gourm    .     n - +0 chain mail
rNeg   . . .     Faith    .     c - +0 shield
rPois  .         Spirit   .     (helmet unavailable)
rElec  .         Dismiss  .     (no cloak)
rCorr  .         Reflect  .     (no gloves)
SustAt .         Harm     .     (no boots)
MR     .....                    s - amulet of regeneration
Stlth  ..........               (no ring)
                                (no ring)

@: very slow, not resistant to hostile enchantments, extremely unstealthy
A: permanent stasis, dig shafts and tunnels, four strong arms, antennae 3
a: Dig, Shaft Self, Bend Time, Renounce Religion


You were on level 6 of the Dungeon.
You worshipped Cheibriados.
Cheibriados was noncommittal.
You were hungry.

You visited 2 branches of the dungeon, and saw 7 of its levels.

You collected 213 gold pieces.

Inventory:

Hand Weapons
 a - a +0 war axe (weapon)
 b - a +0 hunting sling
 x - a +0 blowgun
 E - a +1 morningstar of draining
Missiles
 g - 14 poisoned needles
 h - 117 stones (quivered)
 k - 3 needles of paralysis
 r - 16 sling bullets
Armour
 c - a +0 shield (worn)
 n - a +0 chain mail (worn)
 F - the +2 leather armour "Qaluwowk" {rElec, unknown}
   (You found it on level 6 of the Dungeon)

   It insulates you from electricity.
Jewellery
 s - an amulet of regeneration (around neck)
 J - an uncursed amulet of faith
Wands
 w - a wand of slowing (25/48)
Scrolls
 d - a scroll of immolation {unknown}
 e - 4 scrolls of magic mapping
 i - 2 scrolls of blinking {unknown}
 l - 5 scrolls of identify
 m - a scroll of fog {unknown}
 o - a scroll of enchant weapon {unknown}
 p - a scroll of fear {unknown}
 t - a scroll of enchant armour {unknown}
 v - 2 scrolls of amnesia {unknown}
 y - a scroll of recharging {unknown}
 z - 2 scrolls of noise {unknown}
 C - 2 scrolls of remove curse
 K - a scroll of torment {unknown}
Potions
 j - a potion of magic
 q - a potion of mutation
 u - 2 potions of cure mutation
 A - a potion of lignification
 H - 2 potions of curing
 I - 2 potions of flight {unknown}
Comestibles
 f - 4 bread rations
 B - a slice of pizza
 D - 2 meat rations
 G - a beef jerky
 L - 4 chunks of flesh


   Skills:
 + Level 4.6 Fighting
 + Level 4.3 Axes
 + Level 4.7 Slings
 - Level 0.2(2.5) Throwing
 + Level 4.8 Armour
 - Level 2.0 Dodging
 * Level 7.7 Shields


You had 7 spell levels left.
You didn't know any spells.

Dungeon Overview and Level Annotations

Branches:
Dungeon (6/15)             Temple (1/1) D:6

Altars:
Cheibriados
Fedhas
Gozag
Kikubaaqudgha
Makhleb
Nemelex Xobeh
Okawaru
Qazlal
Sif Muna
Xom
Yredelemnul
Zin
The Shining One

Annotations:
D:6 Pikel


Innate Abilities, Weirdness & Mutations

You are under a permanent stasis effect.
You can dig through walls and to a lower floor.
Your four strong arms can wield two-handed weapons with a shield.
You have a pair of large antennae on your head (SInv).


Message History

The slave is heavily wounded.
You hit the slave.
The slave is moderately wounded.
The slave hits you.
* * * LOW HITPOINT WARNING * * *
The slave hits you.
* * * LOW HITPOINT WARNING * * *
You block Pikel's attack. The slave hits you.
* * * LOW HITPOINT WARNING * * *
You hit Pikel but do no damage.
Pikel is almost dead.
You closely miss the slave.
The slave is moderately wounded.
You closely miss the slave.
The slave is heavily wounded.
Pikel hits you but does no damage. The slave hits you.
* * * LOW HITPOINT WARNING * * *
The slave hits you but does no damage. You block Pikel's attack.
The slave hits you.
You die...

#.# #.# #.#
#.#.# #.#.#
##.#.##
#..#.p#
#.#.8K##
#....p@#
#.8)>p8#
#......#
#.#.8.##
#.....#
#..##.##
!...###.##
########..#
#...##.###


You could see Pikel and 3 slaves.

Vanquished Creatures
  Sigmund (D:3)
  A sky beast (D:5)
  A slave (Temple)
  A centaur (D:5)
  Blork the orc (D:5)
  3 scorpions
  2 howler monkeys
  The ghost of Amnesiac the Firebug, a weakling DEFE (D:3)
  A hound (D:4)
  A centaur skeleton (D:5)
  5 orc priests
  3 worker ants
  Robin (D:4)
  5 adders
  4 gnolls
  2 adder skeletons
  3 worms
  5 dart slugs
  9 giant geckos
  14 orcs
  14 bats
  4 giant cockroaches
  22 goblins
  8 hobgoblins
  4 jackals
  6 kobolds
  4 quokkas
  A ball python (D:1)
  2 giant newts
  A jackal skeleton (D:5)
  3 rats
133 creatures vanquished.

Notes
Turn   | Place    | Note
--------------------------------------------------------------
     0 | D:1      | Feta the Formicid Fighter began the quest for the Orb.
     0 | D:1      | Reached XP level 1. HP: 18/18 MP: 1/1
    39 | D:1      | Found a glowing golden altar of the Shining One.
   184 | D:1      | Reached XP level 2. HP: 24/24 MP: 2/2
   269 | D:1      | Reached skill level 4 in Shields
   525 | D:1      | Reached XP level 3. HP: 29/29 MP: 3/3
  1159 | D:2      | Reached XP level 4. HP: 37/37 MP: 4/4
  1569 | D:2      | Reached skill level 1 in Dodging
  1588 | D:2      | Found a sparkling altar of Nemelex Xobeh.
  1611 | D:2      | Found an ancient bone altar of Kikubaaqudgha.
  1611 | D:2      | Found an opulent altar of Gozag.
  1790 | D:1      | Reached skill level 1 in Slings
  1790 | D:1      | Reached XP level 5. HP: 34/42 MP: 5/5
  2456 | D:3      | Noticed Amnesiac's ghost (weakling DEFE)
  2464 | D:3      | Killed Amnesiac's ghost
  2661 | D:3      | Reached skill level 5 in Shields
  2661 | D:3      | Reached XP level 6. HP: 46/48 MP: 6/6
  3140 | D:3      | Noticed Sigmund
  3145 | D:3      | Gained mutation: Scrolls take you a little longer to read. [potion of mutation]
  3145 | D:3      | Gained mutation: Your spells are a little harder to cast, but a little more powerful. [potion of mutation]
  3146 | D:3      | Lost mutation: Your spells are a little harder to cast, but a little more powerful. [potion of cure mutation]
  3146 | D:3      | Lost mutation: Scrolls take you a little longer to read. [potion of cure mutation]
  3196 | D:3      | Killed Sigmund
  3196 | D:3      | Reached skill level 6 in Shields
  3196 | D:3      | Reached XP level 7. HP: 31/54 MP: 7/7
  3744 | D:4      | Noticed Robin
  3760 | D:4      | Killed Robin
  4476 | D:5      | Entered Level 5 of the Dungeon
  4529 | D:4      | Reached XP level 8. HP: 32/61 MP: 8/8
  4931 | D:5      | Reached skill level 7 in Shields
  4992 | D:5      | Noticed Blork the orc
  5007 | D:5      | Killed Blork the orc
  5131 | D:5      | Found a glowing golden altar of the Shining One.
  5538 | D:6      | Found a staircase to the Ecumenical Temple.
  5546 | D:6      | Got an ancient leather armour
  5554 | D:6      | Noticed Pikel
  5555 | Temple   | Entered the Ecumenical Temple
  5572 | Temple   | Became a worshipper of Cheibriados the Contemplative
  5630 | D:6      | HP: 2/61 [slave[Pikel] (5)]
  5631 | D:6      | Slain by a slave

Vault maps used:
D:1:      tarquinn_simple_flora_water_b, tso_metal_star
D:2:      gammafunk_temple_overflow_forgotten
D:3:      uniq_sigmund
D:4:      first_bread, uniq_robin
D:5:      lemuel_round_altar, kennysheep_diamond, uniq_blork_the_orc
D:6:      kennysheep_mini, minmay_temple_entry_statues_pillars, moated_statue,
          uniq_pikel, uniq_eustachio, uniq_prince_ribbit1
Temple:   circular_temple_12

Skill      XL: |  1  2  3  4  5  6  7  8 |
---------------+-------------------------+-----
Shields        | 4 5 6 7 |  7.7
Dodging        | 1 2 |  2.0
Slings         | 1 2 3 4 |  4.7
Fighting       | 4 |  4.6
Axes           | 3 4 |  4.3
Armour         | 4 |  4.8
Throwing       | |  0.2

Action                   |  1- 3 |  4- 6 |  7- 9 || total
-------------------------+-------+-------+-------++-------
Melee: War axe           |   118 |   134 |   161 ||   413
 Fire: Hunting sling     |       |   137 |    53 ||   190
       Blowgun           |       |       |    25 ||    25
Throw: Stone             |    51 |     1 |     2 ||    54
  Use: Potion            |       |     8 |     1 ||     9
       Scroll            |       |       |     4 ||     4
  Eat: Chunk             |     1 |     7 |     7 ||    15
